 Dungeon Crawl Stone Soup version 0.31.0-12-g77e489cdc1 (webtiles) character file.

Game seed: 2765737454391238416

21118 James the Toxicologist (level 12, 0/66 HPs)
             Began as a Deep Elf Alchemist on Mar 3, 2024.
             Was a Believer of Vehumet.
             Slain by a skyshark (7 damage)
             ... on level 2 of the Lair of Beasts.
             The game lasted 01:00:52 (15628 turns).

James the Toxicologist (Deep Elf Alchemist)        Turns: 15628, Time: 01:00:53

Health: 0/66       AC: 11    Str:  5    XL:     12   Next: 51%
Magic:  21/28      EV: 15    Int: 26    God:    Vehumet [**....]
Gold:   1301       SH:  5    Dex: 15    Spells: 14/31 levels left

rFire   + . .        a - +2 short sword (elec)
rCold   . . .        V - +0 buckler
rNeg    + . .        Z - +0 steam dragon scales
rPois   .            z - +0 helmet "Munasen" {+Inv rF+}
rElec   .            L - +2 cloak
rCorr   .            P - +0 pair of gloves
SInv    .            (no boots)
Will    ++...        e - amulet of magic regeneration
Stlth   +++          X - ring of positive energy
HPRegen 0.31/turn    p - ring of willpower
MPRegen 0.61/turn

%: no passive effects
@: radiating poison
A: no striking features
a: Renounce Religion, Evoke Invisibility


You were on level 2 of the Lair of Beasts.
You worshipped Vehumet.
Vehumet was pleased with you.
You visited 3 branches of the dungeon, and saw 14 of its levels.

You collected 1301 gold pieces.

Inventory:

Hand Weapons
 a - a +2 short sword of electrocution (weapon)
   (You took it off an orc wizard on level 7 of the Dungeon)
 b - a +0 flail of protection
   (You took it off an orc on level 3 of the Dungeon)
 c - the +2 hand axe of Kuidot {venom, ^Fragile rElec rC+ SInv}
   (You found it on level 7 of the Dungeon)

   rC+:       It protects you from cold.
   rElec:     It insulates you from electricity.
   SInv:      It lets you see invisible.
   ^Fragile:  It will be destroyed if unequipped.
 f - a +5 dagger of freezing
   (You took it off a wight on level 8 of the Dungeon)
 C - a +3 falchion
   (You found it on level 7 of the Dungeon)
 G - a +2 trident of holy wrath
   (You took it off a gnoll sergeant on level 6 of the Dungeon)
 J - a +2 scimitar of flaming
   (You took it off an orc warrior on level 9 of the Dungeon)
 O - a +2 spear of distortion {!w}
   (You took it off a gnoll sergeant on level 6 of the Dungeon)
 R - a +0 spear of pain
   (You took it off a gnoll on level 5 of the Dungeon)
 S - a +4 scimitar of freezing
   (You took it off a wight on level 7 of the Dungeon)
Missiles
 h - 5 boomerangs
 l - 2 datura-tipped darts
 K - 25 poisoned darts
 Q - a throwing net {!f}
 Y - 4 curare-tipped darts {!f}
Armour
 x - a +0 kite shield
   (You took it off a gnoll sergeant on level 6 of the Dungeon)
 z - the +0 helmet "Munasen" (worn) {+Inv rF+}
   (You found it on level 3 of the Dungeon)

   rF+:       It protects you from fire.
   +Inv:      It lets you turn invisible.
 L - a +2 cloak (worn)
   (You found it on level 4 of the Dungeon)
 P - a +0 pair of gloves (worn)
   (You found it on level 9 of the Dungeon)
 V - a +0 buckler (worn)
   (You took it off a gnoll sergeant on level 6 of the Dungeon)
 Z - +0 steam dragon scales (worn)
   (You found it on level 8 of the Dungeon)
Magical Staves
 T - a staff of air
   (You found it on level 6 of the Dungeon)
Jewellery
 e - an amulet of magic regeneration (around neck)
   (You found it on level 7 of the Dungeon)
 n - a ring of wizardry
   (You found it on level 1 of the Dungeon)
 p - a ring of willpower (right hand)
   (You found it on level 1 of the Dungeon)
 y - a ring of willpower
   (You found it on level 3 of the Dungeon)
 X - a ring of positive energy (left hand)
   (You found it on level 7 of the Dungeon)
Talismans
 g - a serpent talisman
   (You found it on level 1 of the Dungeon)
Wands
 t - a wand of flame (50)
   (You found it on level 8 of the Dungeon)
Scrolls
 d - 2 scrolls of fog {unknown}
 j - 4 scrolls of fear
 k - 4 scrolls of revelation
 m - 3 scrolls of torment {unknown}
 s - a scroll of silence {unknown}
 u - 3 scrolls of teleportation {@r4}
 v - 2 scrolls of immolation {unknown}
 F - 2 scrolls of enchant weapon {unknown}
 H - a scroll of noise {unknown}
 N - 2 scrolls of enchant armour {unknown}
 W - 2 scrolls of vulnerability {unknown}
Potions
 i - a potion of heal wounds {unknown}
 o - 7 potions of curing {@q1}
 q - a potion of cancellation
 r - 3 potions of haste {@q3}
 w - a potion of magic
 A - 2 potions of might
 B - 2 potions of resistance
 D - a potion of degeneration {unknown}
 E - 2 potions of mutation {!q}
 I - a potion of brilliance
 M - 3 potions of invisibility
 U - a potion of lignification {unknown}


   Skills:
 - Level 4.0 Fighting
 - Level 3.0 Armour
 - Level 9.0 Dodging
 - Level 5.0 Stealth
 - Level 4.0 Shields
 - Level 10.0 Spellcasting
 - Level 6.0 Conjurations
 - Level 7.0 Fire Magic
 - Level 6.0 Air Magic
 + Level 14.1 Alchemy


You had 14 spell levels left.
You knew the following spells:

 Your Spells              Type           Power      Damage    Failure   Level
a - Sting                 Conj/Alch      100%       1d9       1%          1
b - Mercury Vapours       Alch/Air       100%       N/A       1%          2
f - Mephitic Cloud        Conj/Alch/Air  55%        N/A       1%          3
q - Sticky Flame          Fire/Alch      61%        2d10      1%          4
s - Swiftness             Air            44%        N/A       1%          3
y - Olgreb's Toxic Radia  Alch           72%        N/A       1%          4

Your spell library contained the following spells:

 Spells                   Type           Power      Damage    Failure   Level
 Static Discharge         Conj/Air       88%        3-7/arc   1%          2
 Shock                    Conj/Air       100%       1d9       1%          1
 Stone Arrow              Conj/Erth      56%        3d10      7%          3
 Airstrike                Air            22%        2d(4-20)  7%          4
 Necrotise                Necr           52%        1d6       8%          1
 Sandblast                Erth           26%        2d8       8%          1
 Slow                     Hex            52%        N/A       8%          1
 Brom's Barrelling Bould  Conj/Erth      28%        2d5       22%         4
 Confusing Touch          Hex            13%        N/A       24%         3
 Passwall                 Erth           13%        N/A       24%         3
 Sigil of Binding         Hex            13%        N/A       24%         3
 Vampiric Draining        Necr           13%        2d6       24%         3
 Martyr's Knell           Necr/Summ      13%        N/A       61%         4
 Curse of Agony           Necr           13%        N/A       91%         5


Dungeon Overview and Level Annotations

Branches:
Dungeon (11/15)            Temple (1/1) D:5            Lair (2/5) D:8
  Swamp: Lair:2-3    Shoals: Lair:2-3     Snake: Lair:2-3    Spider: Lair:2-3
    Orc: D:9-12

Altars:
Ashenzari
Cheibriados
Dithmenos
Elyvilon
Fedhas
Gozag
Hepliaklqana
Kikubaaqudgha
Makhleb
Nemelex Xobeh
Okawaru
Qazlal
Ru
Sif Muna
Trog
Uskayaw
Vehumet
Wu Jian
Xom
Yredelemnul
Zin
The Shining One

Annotations:
Lair:1 1 exclusion


Message History

The blink frog hits you!
The blink frog blinks!
You block the cane toad's attack.
You hit the cane toad but do no damage.
Lightning courses through the cane toad!
The cane toad burns!
You kill the cane toad!
Vehumet accepts your kill.
Vehumet offers you knowledge of Static Discharge.
You feel your power returning.
The blink frog blinks! x2
The blink frog hits you!
The blink frog blinks!
The blink frog barely misses you.
Your Alchemy skill increases to level 14!
Unknown command.
Press: ? - help, Shift-Dir - straight line, f - skyshark
Aim: a skyshark (translocational energy, lightly wounded, very poisoned)
The sticky flame hits the skyshark!
The skyshark burns!
The blink frog blinks!
The skyshark bites you!
The skyshark tastes blood and grows stronger!
The skyshark misses you. The skyshark closely misses you.
The blink frog blinks! x3
You hit the skyshark but do no damage.
The skyshark burns!
The blink frog blinks! x3; The skyshark bites you.
The skyshark enters a blood-rage!
The skyshark barely misses you. The skyshark closely misses you.
You begin to radiate toxic energy.
You kill the blink frog!
Vehumet accepts your kill.
The blink frog looks even sicker.
The skyshark looks even sicker.
The blink frog looks even sicker.
The skyshark burns!
The blink frog hits you!
* * * LOW HITPOINT WARNING * * *
The skyshark bites you.
* * * LOW HITPOINT WARNING * * *
The skyshark closely misses you.
The skyshark tail-slaps you but does no damage.
The blink frog blinks!
Unknown command.
Press: ? - help, Shift-Dir - straight line, f/p - skyshark
Aim: a skyshark (heavily wounded, berserk, covered in liquid flames, very poisoned)
The sticky flame hits the skyshark!
The blink frog looks even sicker.
You kill the blink frog!
Vehumet accepts your kill.
You feel your power returning.
You kill the blink frog!
Vehumet accepts your kill.
You kill the blink frog!
Vehumet accepts your kill.
The skyshark burns!
The skyshark bites you!
* * * LOW HITPOINT WARNING * * *
The skyshark tail-slaps you!
You die...

..##...... ......⌠...
#........ ##.......
##..⌠...#### .#
.⌠.##........... ##
.#........§........
#.###.#⌠.F....⌠.@.⌠..⌠..
...............§.F......
.......# ⌠.##...........
.Y.....##.. #...⌠..†#.##
..Y..........##.......#
Y..<......#.# #......†.
#..P#...##.. .##...⌠...
.#### ..... . .......
.##.


You could see a skyshark (berserk, burning, very poisoned) and a blink frog
(very poisoned).

Vanquished Creatures
  A two-headed ogre (D:11)
  A boulder beetle (Lair:1)
  2 death yaks (Lair:1)
  Lodul (D:10)
  Pikel (D:4)
  2 black mambas (Lair:1)
  6 elephants
  2 cyclopes
  A gargoyle (D:8)
  4 cane toads
  A komodo dragon (Lair:1)
  A kobold demonologist (D:10)
  2 trolls
  Grinder (D:6)
  Prince Ribbit (D:6)
  8 blink frogs
  Sigmund (D:3)
  3 shadows
  A wraith (D:10)
  3 wyverns
  A vampire (D:11)
  10 yaks
  2 steam dragons
  Menkaure (D:4)
  3 acid dragons
  6 water moccasins
  3 black bears
  3 orc warriors
  An ice beast (D:8)
  5 wolves
  14 ogres
  2 centaurs
  3 phantoms (D:5)
  8 kobold brigands
  3 bullfrogs
  3 scorpions
  3 gnoll sergeants (D:6)
  14 wights
  An electric eel (Lair:1)
  3 bombardier beetles
  15 howler monkeys
  7 hounds
  10 orc priests
  A jelly (D:7)
  3 gnoll boudas
  An iguana (D:5)
  17 orc wizards
  22 gnolls
  5 adders
  2 shadow imps
  A white imp (D:7)
  2 ufetubi (D:6)
  2 dart slugs (D:4)
  34 orcs
  4 ball pythons
  4 endoplasms
  6 goblins
  5 hobgoblins
  2 jackals (D:4)
  3 quokkas
  3 bats
  3 frilled lizards
  17 kobolds
  3 rats
  A spectral kobold (D:2)
  A butterfly (Lair:2)
306 creatures vanquished.

Vanquished Creatures (others)
  A kobold (D:2)
1 creature vanquished.

Grand Total: 307 creatures vanquished

Notes
Turn   | Place    | Note
-------+----------+-------------------------------------------
     0 | D:1      | James the Deep Elf Alchemist began the quest for the Orb.
     0 | D:1      | Reached XP level 1. HP: 10/10 MP: 6/6
   388 | D:1      | Reached XP level 2. HP: 15/15 MP: 6/8
   391 | D:1      | Learned a level 2 spell: Mercury Vapours
   771 | D:2      | Found a faded altar of an unknown god.
  1080 | D:2      | Reached XP level 3. HP: 17/18 MP: 3/10
  1180 | D:1      | Learned a level 3 spell: Mephitic Cloud
  1501 | D:2      | Reached XP level 4. HP: 22/24 MP: 8/11
  1665 | D:2      | Learned a level 4 spell: Olgreb's Toxic Radiance
  1880 | D:3      | Reached skill level 1 in Air Magic
  2119 | D:3      | Noticed Sigmund
  2159 | D:3      | Killed Sigmund
  2160 | D:3      | Reached skill level 1 in Fighting
  2160 | D:3      | Reached skill level 4 in Alchemy
  2160 | D:3      | Reached XP level 5. HP: 29/29 MP: 2/15
  2258 | D:3      | Learned a level 4 spell: Sticky Flame
  2342 | D:3      | Identified the +0 helmet "Munasen" {+Inv rF+}
  2600 | D:3      | Found a bloodstained altar of Trog.
  2746 | D:4      | Noticed a steam dragon
  2750 | D:4      | Killed a steam dragon
  2751 | D:4      | Reached XP level 6. HP: 20/34 MP: 9/17
  2820 | D:4      | Found an ornate altar of the Wu Jian Council.
  2825 | D:4      | Reached skill level 5 in Alchemy
  3191 | D:4      | Noticed Menkaure
  3572 | D:5      | Entered Level 5 of the Dungeon
  3578 | D:4      | Reached XP level 7. HP: 38/38 MP: 10/19
  3713 | D:5      | Reached skill level 6 in Alchemy
  4134 | D:5      | HP: 1/57 [phantom (4)]
  4331 | D:5      | Found a staircase to the Ecumenical Temple.
  4337 | Temple   | Entered the Ecumenical Temple
  4384 | D:5      | Reached XP level 8. HP: 43/43 MP: 12/20
  4544 | D:5      | Reached skill level 5 in Dodging
  4885 | D:6      | Reached skill level 7 in Alchemy
  5081 | D:6      | Identified the +0 chain mail of the Morning Star {rC+}
  5090 | D:6      | Reached skill level 8 in Alchemy
  5201 | D:6      | Reached skill level 5 in Fire Magic
  5614 | D:6      | Reached XP level 9. HP: 46/48 MP: 14/23
  5913 | D:6      | Noticed Grinder
  5931 | D:6      | Noticed Prince Ribbit
  5940 | D:6      | Noticed a cyclops
  5941 | D:6      | Killed Prince Ribbit
  6592 | D:6      | Reached skill level 9 in Alchemy
  7233 | D:6      | Killed Grinder
  7234 | D:6      | Reached skill level 10 in Alchemy
  7234 | D:6      | Reached XP level 10. HP: 53/56 MP: 8/24
  7433 | D:6      | Killed a cyclops
  8305 | D:7      | Identified the +2 hand axe of Kuidot {venom, ^Fragile rElec
                  | rC+ SInv}
  8574 | D:7      | Found a glowing silver altar of Zin.
  8576 | D:7      | Found a white marble altar of Elyvilon.
  8827 | D:7      | Reached skill level 10 in Spellcasting
  9436 | D:4      | Noticed Pikel
  9440 | D:4      | Killed Pikel
  9441 | D:4      | Reached skill level 1 in Shields
  9561 | D:4      | Killed Menkaure
  9991 | D:8      | Noticed a gargoyle
 10109 | D:8      | Killed a gargoyle
 10110 | D:8      | Reached skill level 1 in Armour
 10252 | D:8      | Found a staircase to the Lair.
 10252 | D:8      | Noticed an elephant
 10270 | D:8      | Killed an elephant
 10539 | D:8      | Found a shimmering blue altar of Sif Muna.
 10540 | D:8      | Found a radiant altar of Vehumet.
 10556 | D:8      | Became a worshipper of Vehumet
 10999 | D:9      | Reached XP level 11. HP: 26/61 MP: 20/27
 11167 | D:9      | Found an opulent altar of Gozag.
 11854 | D:10     | Entered Level 10 of the Dungeon
 12135 | D:10     | Reached * piety under Vehumet
 12135 | D:10     | Offered knowledge of Foxfire by Vehumet.
 12489 | D:10     | Reached skill level 5 in Stealth
 12559 | D:10     | Found a sacrificial altar of Ru.
 12575 | D:10     | Noticed Lodul
 12588 | D:10     | Killed Lodul
 13074 | D:11     | Noticed a two-headed ogre
 13089 | D:11     | Killed a two-headed ogre
 13090 | D:11     | Reached skill level 5 in Conjurations
 13090 | D:11     | Reached skill level 5 in Air Magic
 13457 | D:11     | Reached skill level 11 in Alchemy
 13815 | D:11     | Learned a level 3 spell: Swiftness
 13878 | Lair:1   | Entered Level 1 of the Lair of Beasts
 13886 | Lair:1   | Offered knowledge of Searing Ray by Vehumet.
 13888 | Lair:1   | Reached ** piety under Vehumet
 13898 | Lair:1   | Reached skill level 12 in Alchemy
 13926 | Lair:1   | Noticed a boulder beetle
 13934 | Lair:1   | Killed a boulder beetle
 14011 | Lair:1   | Noticed an ice dragon
 14495 | Lair:1   | Reached XP level 12. HP: 35/66 MP: 18/28
 15137 | Lair:1   | Reached skill level 13 in Alchemy
 15317 | Lair:2   | Noticed a death yak
 15317 | Lair:2   | Noticed a death yak
 15317 | Lair:2   | Noticed a death yak
 15317 | Lair:2   | Noticed a death yak
 15317 | Lair:2   | Noticed a death yak
 15591 | Lair:1   | Killed a death yak
 15597 | Lair:1   | Killed a death yak
 15624 | Lair:2   | Offered knowledge of Static Discharge by Vehumet.
 15625 | Lair:2   | Reached skill level 14 in Alchemy
 15628 | Lair:2   | Slain by a skyshark

Illustrated notes

Levels and vault maps discovered:
D:1:      dpeg_arrival_shelter, layout_loops_ring, hangedman_decor_growths,
          minmay_tiny_reverse_x
D:2:      layout_loops_ring, dreamdust_ecumenical_altar_drowned_temple,
          lemuel_flame_loot_1
D:3:      layout_basic, lemuel_crystal_altar, uniq_sigmund
D:4:      layout_basic, old_standard_altar, hangedman_decor_riveting,
          uniq_menkaure, uniq_pikel
D:5:      layout_rooms, minmay_temple_entry_enclosed_plants, grunt_ministairs_1,
          minmay_misc_feat_rows
D:6:      lemuel_castle_with_subvaults [lemuel_castle_interior_carwin_3],
          layout_rooms, uniq_grinder, uniq_prince_ribbit1
D:7:      layout_loops_corners, minitemple
D:8:      layout_rooms, gammafunk_temple_overflow_pools, david_lair_generic
D:9:      layout_basic, grunt_gozag_breadcrumbs
D:10:     layout_basic, lemuel_coloured_pillars_altar, uniq_lodul
D:11:     layout_gridville
Temple:   minmay_temple_curvy_branch
Lair:1:   dragon1_lemuel, layout_long_grid
Lair:2:   layout_regular_city, guppyfry_snake_entry_island,
          chequers_serial_rivers_small_3, st_stairs_3,
          grunt_forest_small_clearing_treed, lemuel_fruit_fields,
          grunt_megastairs_3, serial_bayou_shore_b

Skill      XL: |  1  2  3  4  5  6  7  8  9 10 11 12 |
---------------+-------------------------------------+-----
Conjurations   | 2 4 5 6 |  6.0
Dodging        | 3 4 5 7 9 |  9.0
Stealth        | 3 4 5 |  5.0
Air Magic      | 2 4 5 6 |  6.0
Fighting       | 1 2 3 4 |  4.0
Spellcasting   | 6 7 8 10 | 10.0
Alchemy        | 4 5 6 8 10 12 14 | 14.1
Fire Magic     | 4 5 6 7 |  7.0
Shields        | 4 |  4.0
Armour         | 2 3 |  3.0

Action                     |  1- 3 |  4- 6 |  7- 9 | 10-12 || total
---------------------------+-------+-------+-------+-------++-------
  Melee: Dagger            |    32 |    22 |    76 |    36 ||   166
         Punch             |     1 |       |       |       ||     1
         Flail             |       |       |    60 |       ||    60
         Short sword       |       |       |       |   124 ||   124
   Cast: Sting             |    35 |    38 |    21 |     6 ||   100
         Mercury Vapours   |     5 |     2 |       |       ||     7
         Sticky Flame      |       |     2 |    35 |    84 ||   121
         Olgreb's Toxic Ra |       |     2 |    40 |    75 ||   117
         Mephitic Cloud    |       |       |       |     9 ||     9
         Swiftness         |       |       |       |     1 ||     1
    Use: Scroll            |       |     5 |       |     5 ||    10
         Potion            |       |       |     2 |       ||     2
   Stab: Sleeping          |       |     3 |     1 |     7 ||    11
         Confused          |       |       |       |     1 ||     1
 Armour: Robe              |    20 |    22 |   114 |    24 ||   180
         Steam dragon scal |       |       |       |   133 ||   133
  Dodge: Dodged            |    26 |    23 |   112 |   144 ||   305
  Block: Buckler           |       |       |       |    53 ||    53
